 Dungeon Crawl Stone Soup version 0.31-a0-604-g8e0283293c (webtiles) character file.

Game seed: 16787821970530986587

766 Dirtsage the Changeling (level 7, 0/45 HPs)
             Began as an Octopode Shapeshifter on Aug 21, 2023.
             Slain by Swamplord's ghost (7 damage)
             ... on level 4 of the Dungeon.
             The game lasted 00:09:12 (3367 turns).

Dirtsage the Changeling (Octopode Shapeshifter)     Turns: 3367, Time: 00:09:13

Health: 0/45       AC:  1    Str: 14    XL:     7   Next: 82%
Magic:  7/7        EV: 13    Int: 12    God:
Gold:   274        SH:  0    Dex: 13    Spells: 6/6 levels left

rFire   . .          .
                       - Unarmed
rCold   . . .        (shield currently unavailable)
rNeg    . . .        (helmet restricted)
rPois   .            k - amulet of regeneration
rElec   .            W - ring of wizardry
rCorr   .            (no ring)
SInv    .            (no ring)
Will    .....        (no ring)
Stlth   +            (no ring)
HPRegen 1.07/turn    (no ring)
MPRegen 0.10/turn    (no ring)
                     (no ring)

%: wizardry (x1)
@: lethally poisoned (0 -> -1), flux-form, glowing
A: glow, contaminating, reduced hp, almost no armour, amphibious, 8 rings,
camouflage 1, gelatinous body 1, (nimble swimmer 1), tentacles
a: Begin Untransformation


You were on level 4 of the Dungeon.
You were something dangerously unstable.
You visited 1 branch of the dungeon, and saw 4 of its levels.
You also visited: Sewer.

You collected 274 gold pieces.

Inventory:

Jewellery
 i - a ring of magical power
 k - an amulet of regeneration (around mantle)
 W - a ring of wizardry (left tentacle)
Talismans
 b - a beast talisman
 c - a flux talisman (active)
Scrolls
 a - a scroll of noise {unknown}
 f - a scroll of amnesia
 g - a scroll of immolation {unknown}
 l - 2 scrolls of vulnerability
 n - 2 scrolls of fear {unknown}
 o - a scroll of poison
 q - a scroll of revelation {unknown}
 r - a scroll of enchant armour
 t - a scroll of teleportation
Potions
 d - 4 potions of brilliance
 e - 5 potions of curing {unknown}
 h - 3 potions of haste
 j - a potion of invisibility {unknown}
 m - a potion of resistance {unknown}
 p - a potion of experience {unknown}
 s - a potion of cancellation {unknown}


   Skills:
 + Level 3.3 Fighting
 - Level 2.0 Dodging
 * Level 5.6 Unarmed Combat
 + Level 5.8 Shapeshifting


You had 6 spell levels left.
You didn't know any spells.
Your spell library contained the following spells:

 Spells                   Type           Power      Damage    Failure   Level
 Apportation              Tloc           0%         N/A       13%         1
 Stone Arrow              Conj/Erth      0%         3d7       36%         3
 Passage of Golubria      Tloc           0%         N/A       75%         4
 Alistair's Intoxication  Tmut/Pois      0%         N/A       97%         5
 Silence                  Hex/Air        0%         N/A       97%         5
 Lehudib's Crystal Spear  Conj/Erth      0%         10d2      100%        8
 Animate Armour           Summ/Erth      Unusable   N/A       N/A         4

Dungeon Overview and Level Annotations

Branches:
Dungeon (4/15)              Sewer (visited)
 Temple: D:4-7

Altars:
Cheibriados
Fedhas
Hepliaklqana
Makhleb
Nemelex Xobeh
Qazlal
Xom
Yredelemnul

Annotations:
D:4 Swamplord's ghost, amateur DsWn


Innate Abilities, Weirdness & Mutations

You are something dangerously unstable.
You glow with magical radiation, making you easy to see and hit.
Foes you strike become dangerously contaminated with magical radiation.
Your maximum health is decreased, since you lack skill for your form.
You are incapable of wielding weapons or throwing items.
You cannot wear most types of armour.
You are amphibious.
You can wear up to eight rings at the same time.
Your skin changes colour to match your surroundings (Stealth+).
Your rubbery body absorbs attacks. (AC +1, EV +1)
((You are camouflaged when in or above water. (Stealth+)))
You have tentacles for arms and can constrict up to eight enemies at once.


Message History

Swamplord's ghost begins to glow.
You feel sick. Swamplord's ghost hits you.
You take 6 damage, and have 29/45 hp.
You tentacle-slap Swamplord's ghost.
Swamplord's ghost glows dangerously bright.
Your squeeze misses Swamplord's ghost.
Swamplord's ghost is lightly damaged.
Swamplord's ghost hits you!
You take 8 damage, and have 21/45 hp.
You tentacle-slap Swamplord's ghost but do no damage.
Swamplord's ghost shudders as magic cascades through it!
Your squeeze misses Swamplord's ghost.
Swamplord's ghost is severely damaged.
You feel sick. Swamplord's ghost hits you.
You take 2 damage, and have 19/45 hp.
You tentacle-slap Swamplord's ghost.
Swamplord's ghost begins to glow.
Your squeeze misses Swamplord's ghost.
Swamplord's ghost is severely damaged.
You feel sick.
You tentacle-slap Swamplord's ghost but do no damage.
Swamplord's ghost glows dangerously bright.
Your squeeze misses Swamplord's ghost.
Swamplord's ghost is severely damaged.
You feel sick.
You are no longer poisoned.
Swamplord's ghost hits you.
* * * LOW HITPOINT WARNING * * *
You take 6 damage, and have 13/45 hp.
You tentacle-slap Swamplord's ghost but do no damage.
Swamplord's ghost shudders as magic cascades through it.
Swamplord's ghost is severely damaged.
Swamplord's ghost casts a spell at you. The sting hits you!
You are poisoned.
* * * LOW HITPOINT WARNING * * *
You take 6 damage, and have 7/45 hp.
You tentacle-slap Swamplord's ghost but do no damage.
Swamplord's ghost begins to glow.
Swamplord's ghost is severely damaged.
You feel sick. Swamplord's ghost hits you!
You die...

## #....)......#
####.####..###.# .....#
#..# #.# #..### #..# #.#
#.## ###..###.# #.#
#...[##..##### ##
#.#####.#.###......## #<
........#.###.......## #.
#########......#B#...##
#) #.#...##W##...### #)
#....##...##....# #.
#...##.....##...# ##
#...#⌠.!♣?.⌠#...# ####
#...##.....##...# ##≈≈~
#....##...##....## #≈~..
#.#...##⌠##......####~...
#.##...###...........~.○_


You could see Swamplord's ghost (contam).

Vanquished Creatures
  Duvessa (D:4)
  A black bear (D:4)
  Dowan (D:4)
  2 hounds (D:4)
  3 orc priests
  Jessica (D:2)
  3 orc wizards
  A sleepcap (D:4)
  An iguana (D:4)
  6 adders
  4 gnolls (D:4)
  A river rat (D:3)
  4 worms
  3 dart slugs
  12 orcs
  7 ball pythons
  4 bats
  7 endoplasms
  5 giant cockroaches
  10 goblins
  7 hobgoblins
  3 jackals
  6 quokkas
  7 frilled lizards
  14 kobolds
  9 rats
123 creatures vanquished.

Notes
Turn   | Place    | Note
-------+----------+-------------------------------------------
     0 | D:1      | Dirtsage the Octopode Shapeshifter began the quest for the
                  | Orb.
     0 | D:1      | Reached XP level 1. HP: 13/13 MP: 1/1
   171 | D:1      | Reached XP level 2. HP: 18/18 MP: 2/2
   582 | D:2      | Noticed Jessica
   589 | D:2      | Killed Jessica
   590 | D:2      | Reached XP level 3. HP: 23/23 MP: 3/3
   761 | D:2      | Reached XP level 4. HP: 28/28 MP: 4/4
   789 | D:2      | Noticed a great orb of eyes
   795 | D:2      | Noticed a shining eye
   797 | D:2      | Found a faded altar of an unknown god.
   800 | D:2      | Noticed a great orb of eyes
   800 | D:2      | Noticed a floating eye
  1416 | D:3      | Found a glowing drain.
  1438 | Sewer    | Entered a sewer
  1560 | Sewer    | Reached XP level 5. HP: 32/33 MP: 5/5
  1580 | Sewer    | Reached skill level 5 in Shapeshifting
  1768 | D:3      | Found a burning altar of Makhleb.
  1775 | D:3      | Found a hazy altar of Hepliaklqana.
  1782 | D:3      | Found a snail-covered altar of Cheibriados.
  1784 | D:3      | Found a basalt altar of Yredelemnul.
  1915 | D:3      | Found a stormy altar of Qazlal.
  1937 | D:3      | Reached XP level 6. HP: 37/38 MP: 6/6
  1972 | D:3      | Found a sparkling altar of Nemelex Xobeh.
  2418 | D:4      | Noticed a black bear
  2425 | D:4      | Killed a black bear
  2459 | D:4      | Found a shimmering altar of Xom.
  2535 | D:4      | Reached XP level 7. HP: 45/45 MP: 7/7
  2590 | D:4      | Noticed Duvessa
  2590 | D:4      | Noticed Dowan
  2599 | D:4      | Killed Duvessa
  2600 | D:4      | Reached skill level 5 in Unarmed Combat
  2605 | D:4      | Killed Dowan
  2748 | D:4      | Found a blossoming altar of Fedhas.
  2904 | D:4      | Found a runed translucent door.
  2905 | D:4      | Noticed Swamplord's ghost (amateur DsWn)
  3367 | D:4      | Slain by Swamplord's ghost

Illustrated notes

Levels and vault maps discovered:
D:1:      reono_arrival_mine, layout_basic
D:2:      layout_loops_corners, hellmonk_ecumenical_altar_watching_god,
          kennysheep_generic_room_11, uniq_jessica
D:3:      layout_loops_ring, mainiacjoe_overflow_six_doors_small,
          mainiacjoe_overflow_alcove_4, nicolae_overflow_macrodata_refinement,
          cheibrodos_sewer_entry_sluice
D:4:      layout_loops_ring, xom_confusion_cloud, lemuel_doored_altar,
          hellmonk_ghost_happy_afterlife, minmay_tree_intersection, uniq_duvessa

Skill      XL: |  1  2  3  4  5  6  7 |
---------------+----------------------+-----
Shapeshifting  | 4 5 |  5.8
Fighting       | 2 3 |  3.3
Unarmed Combat | 4 5 |  5.6
Dodging        | |  2.0

Action                     |  1- 3 |  4- 6 |  7- 9 || total
---------------------------+-------+-------+-------++-------
  Melee: Unarmed           |    47 |   141 |    67 ||   255
         Constrict         |    13 |    35 |    18 ||    66
         Tentacles         |     9 |    21 |    13 ||    43
         Punch             |     3 |     5 |     2 ||    10
    Use: Scroll            |       |     4 |     1 ||     5
         Potion            |       |     1 |     2 ||     3
   Stab: Sleeping          |     8 |     9 |     2 ||    19
 Armour: Skin              |     4 |    21 |       ||    25
  Dodge: Dodged            |    18 |    73 |    29 ||   120
   Form: Flux              |       |       |     1 ||     1

Table legend: (Time is in decaauts)
 A = Elapsed time spent in this place.
 B = Non-inter-level travel time spent in this place.
 C = Inter-level travel time spent in this place.
 D = Time resting spent in this place.
 E = Time spent auto-exploring this place.
 F = Levels seen in this place.
 G = Mean time per level.
                   A        B        C        D        E       F      G
               +--------+--------+--------+--------+--------+-----+--------+
         Total |   3327 |   3266 |     61 |      9 |   2490 |   5 |  665.4 |
       Dungeon |   3041 |   2980 |     61 |      9 |   2338 |   4 |  760.2 |
         Sewer |    286 |    286 |      0 |      0 |    152 |   1 |  286.0 |
               +--------+--------+--------+--------+--------+-----+--------+

Top non-repeatable levels by time:
     D:4: 922 daAuts
     D:2: 830 daAuts
     D:3: 720 daAuts
     D:1: 567 daAuts
   Sewer: 286 daAuts
